Map: Deathaura LE

Players

Stats

  • Race: Protoss Protoss
  • League: Master
  • Spawn Location: 11:00

DPGZest (Zest) - Winner!

  • Race: Protoss Protoss
  • League: Master
  • Spawn Location: 5:00

Event: StayAtHome Story Cup #3

VOD

Have the link to the VOD?

Description

Time

  • Played on: March 13, 2021, 11:49 a.m.
  • Length: 10:00

All games in this series

Show
View Real Time Build Order
Export as new Build Order

Stats Protoss 

Build Orders:  

Get SALT Encoding   

  12  0:00  Probe  
  13  0:12  Probe  
  14  0:17  Pylon  
  14  0:24  Probe (Chrono Boost)  
  15  0:36  Probe (Chrono Boost)  
  15  0:37  Gateway  
  16  0:44  Probe (Chrono Boost)  
  16  0:45  Assimilator  
  17  0:51  Probe  
  17  0:53  Assimilator  
  18  1:03  Probe (Chrono Boost)  
  19  1:08  Gateway  
  19  1:14  Probe (Chrono Boost)  
  20  1:19  Probe (Chrono Boost)  
  20  1:23  Cybernetics Core  
  21  1:29  Probe  
  22  1:32  Pylon  
  22  1:41  Probe  
  23  1:53  Probe  
  24  1:58  Warp Gate (Chrono Boost)  
  24  2:00  Stalker x2  
  28  2:10  Pylon  
  28  2:20  Shield Battery  
  28  2:27  Pylon  
  28  2:30  Stalker  
  28  2:34  Probe  
  28  2:35  Stalker  
  32  2:43  Shield Battery  
  31  2:50  Gateway  
  31  3:08  Pylon  
  31  3:11  Stalker  
  31  3:12  Stalker  
  35  3:50  Stalker x3  
  41  3:58  Robotics Facility  
  41  4:01  Pylon  
  41  4:23  Stalker, Sentry x2  
  47  4:26  Shield Battery  
  47  4:32  Pylon  
  47  4:35  Pylon  
  47  4:44  Shield Battery  
  47  4:51  Immortal (Chrono Boost)  
  45  4:59  Sentry  
  47  5:07  Stalker  
  47  5:11  Zealot  
  43  5:34  Sentry  
  44  5:48  Probe  
  44  5:59  Stargate  
  44  6:00  Probe  
  45  6:06  Pylon  
  45  6:12  Probe  
  44  6:24  Pylon  
  44  6:25  Observer  
  45  6:34  Gateway  
  45  6:44  Phoenix (Chrono Boost)  
  43  6:54  Sentry  
  43  7:00  Phoenix (Chrono Boost)  
  45  7:21  Phoenix (Chrono Boost)  
  47  7:26  Probe  
  48  7:32  Immortal  
  52  7:42  Pylon  
  52  7:45  Phoenix  
  54  8:10  Warp Prism (Chrono Boost)  
  56  8:24  Stalker x2  
  60  8:39  Pylon x2  
  60  8:42  Phoenix (Chrono Boost)  
  62  9:06  Stalker x2  
  62  9:29  Stalker x2  
  60  9:32  Phoenix  
  50  9:53  Stalker x2  
Show
View Real Time Build Order
Export as new Build Order

DPGZest Protoss - Winner!

Build Orders:  

Get SALT Encoding   

  12  0:00  Probe  
  13  0:12  Probe  
  14  0:17  Pylon  
  14  0:24  Probe (Chrono Boost)  
  15  0:36  Probe (Chrono Boost), Gateway  
  16  0:44  Probe (Chrono Boost)  
  16  0:45  Assimilator  
  17  0:51  Probe  
  17  0:53  Assimilator  
  18  1:03  Probe (Chrono Boost)  
  19  1:07  Gateway  
  20  1:12  Probe (Chrono Boost)  
  20  1:17  Probe (Chrono Boost)  
  20  1:24  Cybernetics Core  
  21  1:29  Probe  
  22  1:36  Pylon  
  22  1:41  Probe  
  24  2:00  Robotics Facility  
  24  2:03  Stalker  
  24  2:04  Warp Gate  
  25  2:11  Stalker  
  27  2:20  Pylon  
  27  2:33  Stalker  
  28  2:45  Immortal (Chrono Boost)  
  32  2:57  Gateway  
  32  3:02  Shield Battery  
  32  3:14  Warp Prism (Chrono Boost)  
  34  3:29  Pylon  
  34  3:44  Immortal (Chrono Boost)  
  38  3:53  Sentry x2  
  42  3:56  Sentry  
  42  4:01  Pylon  
  45  4:02  Probe  
  45  4:22  Observer (Chrono Boost)  
  45  5:23  Pylon  
  45  5:25  Pylon  
  43  5:48  Probe  
  44  5:50  Pylon  
  44  6:04  Stargate  
  45  6:11  Probe  
  45  6:31  Observer  
  45  6:34  Pylon  
  45  6:48  Phoenix (Chrono Boost)  
  45  6:52  Nexus  
  47  6:57  Pylon  
  42  7:16  Phoenix (Chrono Boost)  
  42  7:17  Probe  
  39  7:31  Stargate  
  39  7:32  Shield Battery  
  39  7:36  Phoenix (Chrono Boost)  
  41  7:50  Shield Battery  
  41  7:56  Phoenix  
  43  8:04  Probe x2  
  45  8:16  Probe  
  48  8:20  Phoenix (Chrono Boost)  
  48  8:23  Probe  
  48  8:24  Phoenix (Chrono Boost)  
  51  8:30  Pylon  
  51  8:35  Probe  
  51  8:36  Adept  
  55  8:41  Phoenix  
  56  8:52  Shield Battery, Stalker  
  58  8:55  Zealot  
  60  9:11  Zealot  
  54  9:27  Zealot  
  54  9:28  Phoenix x2 (Chrono Boost)  
  54  9:29  Zealot  
  62  9:43  Zealot  
  49  9:55  Zealot x2  
Tags
 
Add a new tag
Caveats
  • Supply blocks, unpowered buildings, or Contaminate may cause inaccurate times.
  • Supply counts are checked every 10 seconds.